 Dungeon Crawl Stone Soup version 0.30.1 (webtiles) character file.

Game seed: 7989523429301542015

16 Graphine the Covered (level 2, 0/27 HPs)
             Began as a Minotaur Fighter on July 7, 2023.
             Slain by Sigmund
             ... wielding a +0 scythe
              (1 damage)
             ... on level 2 of the Dungeon.
             The game lasted 00:01:48 (674 turns).

Graphine the Covered (Minotaur Fighter)              Turns: 674, Time: 00:01:48

Health: 0/27       AC:  9    Str: 26    XL:     2   Next: 37%
Magic:  1/1        EV:  9    Int:  5    God:
Gold:   36         SH:  0    Dex:  9    Spells: 1/1 levels left

rFire   . . .        a - +1 flail
rCold   . . .        c - +0 buckler
rNeg    . . .        b - +0 scale mail
rPois   .            (helmet restricted)
rElec   .            (no cloak)
rCorr   .            e - +1 pair of gloves
SInv    .            (no boots)
Will    .....        (no amulet) Stlth
                     g - +6 ring of strength
HPRegen 0.24/turn    (no ring)
MPRegen 0.07/turn

%: no passive effects
@: confused, mighty
A: horns 2, retaliatory headbutt
a: no special abilities


You were on level 2 of the Dungeon.
You visited 1 branch of the dungeon, and saw 2 of its levels.

You collected 36 gold pieces.

Inventory:

Hand Weapons
 a - a +1 flail (weapon)
Armour
 b - a +0 scale mail (worn)
 c - a +0 buckler (worn)
 e - a +1 pair of gloves (worn)
Magical Staves
 m - a staff of poison
Jewellery
 g - a +6 ring of strength (left hand)
Potions
 k - 2 potions of lignification


   Skills:
 + Level 3.7 Fighting
 * Level 3.0 Maces & Flails
 + Level 3.8 Armour
 + Level 0.5 Dodging
 + Level 3.8 Shields
 + Level 0.3 Unarmed Combat


You had one spell level left.
You didn't know any spells.
Your spell library was empty.

Dungeon Overview and Level Annotations

Branches:
Dungeon (2/15)

Altars:

Annotations:
D:2 Sigmund


Innate Abilities, Weirdness & Mutations

You have a pair of horns on your head.
You reflexively headbutt those who attack you in melee.


Message History

It is a scroll of amnesia.
You feel forgetful for a moment.
As you read the scroll labelled ESKOZI SAORGHU, it crumbles to dust.
It is a scroll of enchant armour.
Your +0 pair of gloves glows green for a moment.
As you read the scroll labelled DIDDELOIKK, it crumbles to dust.
It is a scroll of identify.
k - 2 potions of lignification
As you read the scroll labelled DAPTO HAASCH, it crumbles to dust.
You feel strangely unstable.
It was a scroll of teleportation.
Your surroundings suddenly seem different.
There is a stone staircase leading down here.
You climb downwards.
There is a stone staircase leading up here.
Sigmund the Dreaded comes into view.
He is wielding a +0 scythe.
Sigmund shouts!
Sigmund mumbles some strange words.
Sigmund flickers and vanishes!
Deactivating autopickup; reactivate with Ctrl-A.
You sock something! You headbutt something. Something hits you.
A goblin comes into view. It is wielding a +0 dagger.
You completely miss something. Something hits you!
You closely miss something. Something hits you but does no damage.
Something hits you.
You miss something. Something hits you.
* * * LOW HITPOINT WARNING * * *
Okay, then.
You feel very mighty all of a sudden. Something hits you.
* * * LOW HITPOINT WARNING * * *
You miss something. Something hits you but does no damage.
You thump something!
You hear some strange, mumbled words.
You are confused.
Something hits you but does no damage.
You bump into the rock wall.
Something completely misses you.
You bump into the rock wall.
Something hits you.
* * * LOW HITPOINT WARNING * * *
You miss something. Something hits you.
You die...

### #<#
#.# #.#
#.# #.#
#.# #@#
#{# .g.
.....
......#
#......#
#......#
##.....#


You could see a goblin.

Vanquished Creatures
  2 dart slugs (D:1)
  2 ball pythons (D:1)
  An endoplasm (D:1)
  A giant cockroach (D:1)
  A kobold (D:1)
  3 bats (D:1)
  2 rats (D:1)
12 creatures vanquished.

Notes
Turn   | Place    | Note
-------+----------+-------------------------------------------
     0 | D:1      | Graphine the Minotaur Fighter began the quest for the Orb.
     0 | D:1      | Reached XP level 1. HP: 19/19 MP: 0/0
   127 | D:1      | Reached XP level 2. HP: 27/27 MP: 1/1
   658 | D:2      | Noticed Sigmund
   673 | D:2      | HP: 1/27 [something (3)]
   674 | D:2      | Slain by Sigmund

Illustrated notes

Levels and vault maps discovered:
D:1:      nzn_arrival_water_spiral, layout_loops_ring
D:2:      layout_basic, uniq_sigmund

Skill      XL: |  1  2 |
---------------+-------+-----
Maces & Flails | 3 |  3.0
Fighting       | |  3.7
Armour         | |  3.8
Dodging        | |  0.5
Shields        | |  3.8
Unarmed Combat | |  0.3

Action                     || total
---------------------------++-------
  Melee: Flail             ||    24
         Headbutt          ||     3
    Use: Scroll            ||     5
         Potion            ||     1
 Armour: Scale mail        ||    11
  Dodge: Dodged            ||    11
  Block: Buckler           ||     8
